 Dungeon Crawl Stone Soup version 0.23-a0-313-gf30bb39 (webtiles) character file.

37 MatthieuS the Stinger (level 3, -1/20 HPs)
             Began as a Deep Elf Venom Mage on Oct 12, 2018.
             Slain by a hound (6 damage)
             ... on level 1 of the Dungeon.
             The game lasted 00:03:22 (1070 turns).

MatthieuS the Stinger (Deep Elf Venom Mage)         Turns: 1070, Time: 00:03:23

Health: -1/20      AC:  0    Str:  5    XL:     3   Next: 23%
Magic:  3/9        EV: 12    Int: 20    God:
Gold:   86         SH:  0    Dex: 15    Spells: 2/8 levels left

rFire    . . .     SeeInvis .   (no weapon)
rCold    . . .     Gourm    .   (no shield)
rNeg     . . .     Faith    .   k - +0 leather armour
rPois    .         Spirit   .   (no helmet)
rElec    .         Reflect  .   (no cloak)
rCorr    .         Harm     .   (no gloves)
MR       .....                  (no boots)
Stlth    ++........             (no amulet)
HPRegen  0.06/turn              d - ring of wizardry
MPRegen  0.11/turn              i - -3 ring of protection (curse)

@: very slightly contaminated
A: no striking features
a: no special abilities


You were on level 1 of the Dungeon.
You were not hungry.

You visited 1 branch of the dungeon, and saw 2 of its levels.

You collected 86 gold pieces.

Inventory:

Missiles
 b - 69 stones (quivered)
 h - 25 sling bullets
Armour
 a - a +0 robe
 k - a +0 leather armour (worn)
   (You found it on level 1 of the Dungeon)
Jewellery
 d - a ring of wizardry (left hand)
   (You found it on level 1 of the Dungeon)
 i - a cursed -3 ring of protection (right hand)
   (You found it on level 1 of the Dungeon)
Scrolls
 g - 2 scrolls of magic mapping
Potions
 f - a potion of cancellation {unknown}
 j - 2 potions of curing {unknown}
Comestibles
 c - 13 chunks of flesh
 e - 3 rations


   Skills:
 + Level 0.9 Fighting
 + Level 2.7 Dodging
 + Level 3.0 Stealth
 + Level 3.4 Spellcasting
 + Level 1.5 Conjurations
 + Level 3.6 Poison Magic


You had 2 spell levels left.
You knew the following spells:

 Your Spells              Type           Power        Failure   Level  Hunger
a - Sting                 Conj/Pois      ##..         3%          1    None
b - Poisonous Vapours     Pois/Air       ##....       7%          2    ##.....
d - Mephitic Cloud        Conj/Pois/Air  ##......     13%         3    ###....

Your spell library contained the following spells:

 Spells                   Type           Power        Failure   Level  Hunger
 Olgreb's Toxic Radiance  Pois           ###.....     21%         4    ####...
 Venom Bolt               Conj/Pois      ##........   61%         5    ######.


Dungeon Overview and Level Annotations

Branches:
Dungeon (2/15)

Altars:


Message History

Okay, then.
Memorise Poisonous Vapours, consuming 2 spell levels and leaving 5?
You start memorising the spell.
You continue memorising. x2
You finish memorising.
Spell assigned to 'b'.
Memorise Mephitic Cloud, consuming 3 spell levels and leaving 2?
You start memorising the spell.
You continue memorising. x3
You finish memorising.
Spell assigned to 'd'.
There is a stone staircase leading down here.
You climb downwards.
A leopard gecko, 3 adders, a hound and an ooze come into view.
The adder hisses angrily. x2; The leopard gecko hisses angrily.
Found a stone staircase leading down.
There is a stone staircase leading up here.
Aim: a hound (hasn't noticed you)
The sting hits the hound.
The hound is poisoned.
The hound barks!
The adder hisses angrily.
The ooze quivers.
The hound bites you.
You climb upwards.
There is a stone staircase leading down here.
Aim: a hound (heavily wounded, poisoned)
The sting hits the hound.
The hound looks even sicker.
The hound closely misses you. The hound bites you.
* * * LOW HITPOINT WARNING * * *
Things that are here:
a club; a goblin skeleton The hound bites you.
* * * LOW HITPOINT WARNING * * *
Aim: a hound (severely wounded, poisoned)
You miscast Sting.
You are very lightly contaminated with residual magic.
Nothing appears to happen.
The hound barely misses you. The hound bites you.
* * * LOW HITPOINT WARNING * * *
Aim: a hound (severely wounded, poisoned)
The sting hits the hound.
The hound appears unharmed.
The hound closely misses you.
Unknown command.
Aim: a hound (almost dead, poisoned)
The sting hits the hound.
The hound appears unharmed.
The hound closely misses you. The hound barely misses you.
Unknown command.
Aim: a hound (almost dead, poisoned)
The sting hits the hound.
The hound appears unharmed.
The hound closely misses you.
Unknown command.
Aim: a hound (almost dead, poisoned)
The sting hits the hound.
The hound looks even sicker.
The hound bites you.
* * * LOW HITPOINT WARNING * * *
The hound bites you.
You die...

#..... #..รท..
#...). ###...
##########.).##
#....##....####
####+##..........#
#.........#......#
#@h)>..)..........
#.........#).....#
###########......#
#......# #......#
########


You could see a hound.

Vanquished Creatures
  A gnoll (D:1)
  An ooze (D:1)
  2 dart slugs (D:1)
  2 hobgoblins (D:1)
  3 bats (D:1)
  3 frilled lizards (D:1)
  5 goblins (D:1)
  A kobold (D:1)
  3 rats (D:1)
21 creatures vanquished.

Notes
Turn   | Place    | Note
-------+----------+-------------------------------------------
     0 | D:1      | MatthieuS the Deep Elf Venom Mage began the quest for the
                  | Orb.
     0 | D:1      | Reached XP level 1. HP: 10/10 MP: 6/6
   290 | D:1      | Reached XP level 2. HP: 10/16 MP: 2/8
   916 | D:1      | Reached XP level 3. HP: 20/20 MP: 5/9
  1052 | D:1      | Learned a level 2 spell: Poisonous Vapours
  1056 | D:1      | Learned a level 3 spell: Mephitic Cloud
  1070 | D:1      | Slain by a hound

Vault maps used:
D:1:      psy_arrival_radial01, chequers_serial_rivers_micro_b
D:2:      cheibrodos_old_hovel, overflow_temple_1_default, first_ration,
          uniq_terence

Skill      XL: |  1  2  3 |
---------------+----------+-----
Stealth        | 3 |  3.0
Fighting       | |  0.9
Dodging        | |  2.7
Spellcasting   | |  3.4
Conjurations   | |  1.5
Poison Magic   | |  3.6

Action                   || total
-------------------------++-------
Melee: Unarmed           ||     7
 Cast: Sting             ||    56
  Use: Scroll            ||     2
Armor: Robe              ||     4
Dodge: Dodged            ||    16

Table legend:
 A = Non-vault XP
 B = Vault XP
 C = Vault XP percentage of total XP
 D = Non-vault monster count
 E = Vault monster count
 F = Vault count percentage of total count
                 A         B        C        D         E       F
            +---------+---------+-------+---------+---------+-------
      Total |      54 |       0 |   0.0 |      21 |       0 |   0.0
            +---------+---------+-------+---------+---------+-------
        D:1 |      54 |       0 |   0.0 |      21 |       0 |   0.0
            +---------+---------+-------+---------+---------+-------
